AoeStats
← Weed420cheese

Arabian Desert

509378089Analyzed
1v1 RM · 6d ago on Sep 26, 2026· 71m 51s· 2 players
Game mode
Random Map
Map size
Tiny (2 player)
Population
200
Speed
Normal
Resources
Standard
Victory
Conquest
Starting age
Dark Age
Ending age
Imperial Age
RankedLock teamsTeams togetherTeam positionsShared explorationLock speedFull tech treeHidden civsTurbo modeCheats
Victory
Defeat
🇳🇱 Bulgarians · Netherlands
909
+15
🇧🇪 Britons · Belgium
881
-15
Weed420cheese
6:54 Loom
9:12 Feudal Age
9:40 Double-Bit Axe
12:14 Fletching
14:15 Padded Archer Armor
17:27 Horse Collar
20:00 Wheelbarrow
22:25 Castle Age
22:10 Stone Mining
22:12 Gold Mining
25:37 Bow Saw
26:36 Gold Shaft Mining
30:01 Wheelbarrow
30:54 Ballistics
30:55 Leather Archer Armor
31:28 Murder Holes
34:43 Heavy Plow
36:19 Bodkin Arrow
36:48 Hand Cart
40:56 Imperial Age
42:42 Chemistry
41:57 Bracer
42:50 Ring Archer Armor
43:01 Scale Barding Armor
43:07 Forging
44:13 Light Cavalry
49:26 Chain Barding Armor
55:44 Two-Man Saw
65:52 Heavy Scorpion
TrapdarT
8:32 Loom
11:29 Feudal Age
15:00 Forging
14:52 Scale Mail Armor
16:05 Padded Archer Armor
16:17 Forging
17:36 Double-Bit Axe
17:33 Horse Collar
19:10 Fletching
25:21 Castle Age
26:35 Bow Saw
25:50 Pikeman
26:38 Squires
26:02 Elite Skirmisher
26:52 Gold Mining
26:54 Stone Mining
28:27 Iron Casting
28:22 Town Watch
29:50 Bodkin Arrow
30:11 Leather Archer Armor
30:11 Chain Mail Armor
33:22 Scale Barding Armor
36:03 Heavy Plow
40:51 Imperial Age
40:57 Chain Barding Armor
41:23 Wheelbarrow
40:49 Town Patrol
42:35 Thumb Ring
44:47 Hand Cart
47:25 Conscription
49:25 Bagains
52:51 Blast Furnace
52:21 Plate Mail Armor
51:52 Bracer
53:18 Ballistics
52:49 Heated Shot
53:10 Masonry
53:06 Arson
53:06 Gambesons
54:42 Crop Rotation
54:06 Elite Konnik
59:18 Chemistry
59:34 Elite Konnik
68:17 Plate Barding Armor
68:23 Architecture
Connection lost

Rejoining the realm…

Still unreachable

The connection could not be restored.

Session expired

The server has moved on; the page needs a fresh start.